[Event "RUS-ch Men Blitz 2019"]
[Site "Sochi"]
[Date "2019.10.17"]
[Round "3.20"]
[White "Papin, Vasily"]
[Black "Goltsev, Dmitry"]
[Result "1-0"]
[ECO "A16"]
[WhiteElo "2481"]
[BlackElo "2309"]
[Annotator "ChessBase"]
[PlyCount "73"]
[EventDate "2019.10.17"]
[EventType "swiss"]
[EventCountry "RUS"]
[SourceTitle "playchess.com"]
[Source "ChessBase"]
[SourceQuality "1"]
[TimeControl "180+2"]

1. c4 Nf6 2. Nc3 e5 3. Nf3 d6 4. d4 Nbd7 5. g3 g6 6. Bg2 Bg7 7. O-O O-O 8. h3 Qe7 9. e4 h6 10. Re1 c6 11. Be3 Ne8 12. Qd2 Kh7 13. Rad1 Nc7 14. b3 f5 15. exf5 gxf5 16. dxe5 dxe5 17. Nh4 Nf6 18. Na4 Qf7 19. Bc5 Re8 20. Bd6 e4 21. Nc3 b5 22. cxb5 Nxb5 23. Nxb5 cxb5 24. Qa5 a6 25. Rc1 Ra7 26. a4 bxa4 27. bxa4 Be6 28. Nxf5 Qd7 29. Nxg7 Qxd6 30. Nxe8 Nxe8 31. Rxe4 Ng7 32. Rce1 Bf5 33. Re5 Bg6 34. Qc5 Qb8 35. Re7 Rxe7 36. Rxe7 Qb2 37. Qe5 1-0

[Event "RUS-ch Men Blitz 2019"]
[Site "Sochi"]
[Date "2019.10.17"]
[Round "3.22"]
[White "Klimentov, Evgeny"]
[Black "Vastrukhin, Oleg"]
[Result "0-1"]
[ECO "C03"]
[WhiteElo "2199"]
[BlackElo "2428"]
[Annotator "NA"]
[PlyCount "86"]
[EventDate "2019.10.17"]
[EventType "swiss"]
[EventCountry "RUS"]
[SourceTitle "playchess.com"]
[Source "ChessBase"]
[SourceQuality "1"]
[TimeControl "180+2"]

1. e4 e6 2. d4 d5 3. Nd2 a6 4. Ngf3 Bd7 5. exd5 exd5 6. Bd3 Bd6 7. O-O Ne7 8. Re1 O-O 9. Nf1 Bf5 10. Bg5 f6 11. Bh4 Nbc6 12. Bg3 Re8 13. c3 Qd7 14. Bxd6 Qxd6 15. Bxf5 Nxf5 16. Ng3 Nce7 17. Nxf5 Nxf5 18. Qd3 Qd7 19. Rxe8+ Rxe8 20. Re1 Nd6 21. Rxe8+ Qxe8 22. Kf1 Nc4 23. b3 Nd6 24. h3 Qe4 25. Ne1 Kf7 26. Qd2 a5 27. Nd3 b6 28. a4 c6 29. f3 Qf5 30. Qe3 Qe6 31. Qxe6+ Kxe6 32. Ke2 g5 33. g4 Ne8 34. f4 h6 35. Ke3 Nd6 36. f5+ Kd7 37. Nf2 c5 38. dxc5 bxc5 39. Kd3 Kc6 40. c4 d4 41. Ne4 Nxe4 42. Kxe4 Kd6 43. Kd3 Ke5 0-1

[Event "RUS-ch Men Blitz 2019"]
[Site "Sochi"]
[Date "2019.10.17"]
[Round "3.28"]
[White "Airapetian, Gor"]
[Black "Dianov, Alexey"]
[Result "1-0"]
[ECO "D09"]
[WhiteElo "2447"]
[BlackElo "2158"]
[Annotator "NA"]
[PlyCount "89"]
[EventDate "2019.10.17"]
[EventType "swiss"]
[EventCountry "RUS"]
[SourceTitle "playchess.com"]
[Source "ChessBase"]
[SourceQuality "1"]
[TimeControl "180+2"]

1. d4 d5 2. c4 e5 3. dxe5 d4 4. Nf3 Nc6 5. g3 Be6 6. Nbd2 Qd7 7. Bg2 Nge7 8. O-O Ng6 9. Qa4 O-O-O 10. b4 Kb8 11. a3 Ncxe5 12. Qxd7 Rxd7 13. Bb2 Nxc4 14. Nxc4 Bxc4 15. Nxd4 Be7 16. Rac1 Ba2 17. Nf5 Bf6 18. Bxf6 gxf6 19. Rfd1 Rhd8 20. Rxd7 Rxd7 21. f4 Be6 22. Ne3 Ne7 23. Kf2 c6 24. Be4 h6 25. f5 Bb3 26. Ng4 Rd2 27. Nxh6 Bd5 28. Bd3 Ra2 29. Ng4 Rxa3 30. Nxf6 Rb3 31. h4 a5 32. bxa5 c5 33. h5 c4 34. Bc2 Rb5 35. h6 Be6 36. e4 Bxf5 37. exf5 Nxf5 38. h7 Nd4 39. h8=Q+ Ka7 40. Be4 Rb2+ 41. Kf1 Nb3 42. Rd1 Nd2+ 43. Rxd2 Rxd2 44. Nd5 c3 45. Qxc3 1-0

[Event "RUS-ch Men Blitz 2019"]
[Site "Sochi"]
[Date "2019.10.17"]
[Round "3.30"]
[White "Esipenko, Aleksandr"]
[Black "Timofeev, Artyom"]
[Result "0-1"]
[ECO "B52"]
[WhiteElo "2043"]
[BlackElo "2595"]
[Annotator "RC"]
[PlyCount "234"]
[EventDate "2019.10.17"]
[EventType "swiss"]
[EventCountry "RUS"]
[SourceTitle "playchess.com"]
[Source "ChessBase"]
[SourceQuality "1"]
[TimeControl "180+2"]

1. e4 c5 2. Nf3 d6 3. Bb5+ Bd7 4. Bxd7+ Nxd7 5. O-O Ngf6 6. Re1 Rc8 7. c3 e6 8. d4 cxd4 9. cxd4 d5 10. e5 Ne4 11. Nbd2 Nxd2 12. Bxd2 Be7 13. Bc3 O-O 14. Qd3 Nb8 15. Nd2 Nc6 16. Re3 Nb4 17. Bxb4 Bxb4 18. Rh3 h6 19. Nb3 Qc7 20. Qb5 Qb6 21. Qe2 a5 22. Qg4 Kh8 23. Rg3 Rg8 24. a4 Qc6 25. Qh5 Rc7 26. h3 Rgc8 27. Rf3 Qe8 28. Kh2 b6 29. Rd1 Bf8 30. Ra1 g6 31. Qg4 Rc2 32. Qf4 R8c7 33. Ra2 Kg8 34. Qe3 R2c4 35. Qd3 Rxa4 36. Rxa4 Qxa4 37. Qa6 Qc6 38. Rc3 Qd7 39. Qxb6 Rb7 40. Qa6 Kg7 41. Nxa5 Rxb2 42. Rf3 Rd2 43. Nb3 Rd1 44. Qe2 Rb1 45. Qd3 Rb2 46. Nc1 Qb5 47. Qxb5 Rxb5 48. Rd3 Rb2 49. Kg3 g5 50. Kf3 Kg6 51. g4 Rc2 52. Ne2 Bb4 53. Ng3 Be1 54. Nh1 Rc4 55. Ng3 Bc3 56. Ne2 Bb2 57. Rd2 Ba1 58. Rd1 Bb2 59. Rd2 Ba3 60. Rd3 Be7 61. Rb3 f6 62. exf6 Bxf6 63. Rb6 Kf7 64. Rb7+ Be7 65. Ke3 Ra4 66. Rb3 Bd6 67. Kf3 Ra1 68. Rb7+ Kf6 69. Rh7 Bf8 70. Rb7 Ra3+ 71. Kg2 Rd3 72. Rc7 Ba3 73. Rc3 Rxc3 74. Nxc3 Bb2 75. Nb5 Ke7 76. Kf3 Kd7 77. Ke3 Kc6 78. Na7+ Kb6 79. Nc8+ Kb5 80. Kd3 Kc6 81. Ne7+ Kd7 82. Ng8 Ke8 83. Nf6+ Ke7 84. Nh5 Bc1 85. Ng3 Bf4 86. Ne2 Bd6 87. Nc3 Kd7 88. Ne2 Kc6 89. Ng1 Kb5 90. Nf3 Kb4 91. Nd2 Bf4 92. Nf3 Kb3 93. Ne1 Kb2 94. Nc2 Kc1 95. Nb4 Kd1 96. Nc6 Ke1 97. Ne7 Kxf2 98. Ng8 Kg3 99. Nxh6 Kxh3 100. Ke2 Kg3 101. Kd3 Kf3 102. Kc3 Bc7 103. Kd3 Ba5 104. Kc2 Ke4 105. Nf7 Kf4 106. Nh6 Bb4 107. Kd3 Bf8 108. Nf7 Kxg4 109. Nd8 Kf5 110. Ke3 Bd6 111. Nb7 Bf4+ 112. Kf2 g4 113. Kg2 Be3 114. Nd6+ Kf4 115. Nb5 Bc1 116. Nc7 Kf5 117. Kg3 Bf4+ 0-1

[Event "RUS-ch Men Blitz 2019"]
[Site "Sochi"]
[Date "2019.10.17"]
[Round "3.31"]
[White "Ovod, Evgenija"]
[Black "Kokarev, Dmitry"]
[Result "0-1"]
[ECO "B22"]
[WhiteElo "2347"]
[BlackElo "2593"]
[Annotator "ChessBase"]
[PlyCount "70"]
[EventDate "2019.10.17"]
[EventType "swiss"]
[EventCountry "RUS"]
[SourceTitle "playchess.com"]
[Source "ChessBase"]
[SourceQuality "1"]
[TimeControl "180+2"]

1. e4 c5 2. c3 Nf6 3. e5 Nd5 4. Nf3 d6 5. d4 cxd4 6. cxd4 Nc6 7. Bc4 dxe5 8. dxe5 Ndb4 9. Qb3 e6 10. O-O Na5 11. Qa4+ Bd7 12. Bb5 Bxb5 13. Qxb5+ Nac6 14. Nc3 a6 15. Qe2 Qd3 16. Re1 Be7 17. a3 Qxe2 18. Rxe2 Nd3 19. b4 Rc8 20. Bd2 O-O 21. b5 axb5 22. Nxb5 Rfd8 23. Bc3 g5 24. h3 h5 25. a4 Kg7 26. Ne1 Nf4 27. Re4 Kg6 28. h4 Kf5 29. f3 gxh4 30. Kf2 Na7 31. Bd4 Nxb5 32. axb5 Rxd4 33. Rxd4 Bc5 34. Raa4 Kxe5 35. Nc2 Bb6 0-1

[Event "RUS-ch Men Blitz 2019"]
[Site "Sochi"]
[Date "2019.10.20"]
[Round "4.1"]
[White "Grachev, Boris"]
[Black "Morozevich, Alexander"]
[Result "0-1"]
[ECO "A04"]
[WhiteElo "2621"]
[BlackElo "2659"]
[Annotator "ChessBase"]
[PlyCount "91"]
[EventDate "2019.10.17"]
[EventType "swiss"]
[EventCountry "RUS"]
[SourceTitle "playchess.com"]
[Source "ChessBase"]
[SourceQuality "1"]
[TimeControl "180+2"]

1. Nf3 b6 2. g3 Bb7 3. Bg2 e5 4. d3 g6 5. c4 Bg7 6. Nc3 Ne7 7. O-O O-O 8. Bd2 c5 9. Rb1 d5 10. cxd5 Nxd5 11. a3 Qd7 12. Nxd5 Bxd5 13. Bc3 Nc6 14. b4 cxb4 15. axb4 Nd4 16. Bxd4 exd4 17. b5 Rac8 18. Nd2 Bxg2 19. Kxg2 Rc5 20. Nf3 Rfc8 21. Rb2 Rxb5 22. Qa4 Rd5 23. Qxd7 Rxd7 24. Ra1 Bf6 25. Nd2 Rc5 26. Ne4 Rc6 27. Ra6 Be7 28. Nd2 Rcc7 29. Nc4 f6 30. f4 Kf7 31. Kf3 Bc5 32. g4 Re7 33. Rb5 Ke8 34. Rb2 Kd8 35. Rba2 Kc8 36. h4 Kb8 37. g5 f5 38. Ra1 Re6 39. R6a2 Rce7 40. Ne5 a5 41. Rb1 Ka7 42. h5 Ka6 43. hxg6 hxg6 44. Rh1 Bd6 45. Nc4 Bc7 46. Rha1 0-1

[Event "RUS-ch Men Blitz 2019"]
[Site "Sochi"]
[Date "2019.10.17"]
[Round "4.2"]
[White "Gutenev, Alexander"]
[Black "Rublevsky, Sergei"]
[Result "1/2-1/2"]
[ECO "B43"]
[WhiteElo "2469"]
[BlackElo "2651"]
[Annotator "RC"]
[PlyCount "85"]
[EventDate "2019.10.17"]
[EventType "swiss"]
[EventCountry "RUS"]
[SourceTitle "playchess.com"]
[Source "ChessBase"]
[SourceQuality "1"]
[TimeControl "180+2"]

1. e4 c5 2. Nf3 e6 3. d4 cxd4 4. Nxd4 a6 5. Nc3 Qc7 6. Be2 Nf6 7. O-O Be7 8. f4 d6 9. Qe1 O-O 10. Qg3 b5 11. Bf3 Bb7 12. e5 Ne8 13. Ne4 Nd7 14. Ng5 Bxg5 15. Qxg5 Bxf3 16. Nxf3 Qxc2 17. Be3 dxe5 18. fxe5 Qxb2 19. Rad1 f6 20. Qg4 Nxe5 21. Qxe6+ Rf7 22. Nd4 Nc7 23. Qh3 Nd5 24. Nf5 Nxe3 25. Qxe3 Qxa2 26. Nd6 Rd7 27. Ne4 Rxd1 28. Rxd1 Qe6 29. Nc5 Qe7 30. h3 Re8 31. Nxa6 Qf7 32. Rb1 Nc4 33. Qc5 Nd2 34. Rd1 Qc4 35. Rxd2 Re1+ 36. Kf2 Rf1+ 37. Ke3 Re1+ 38. Kf2 Rf1+ 39. Ke3 Re1+ 40. Kf2 Rf1+ 41. Ke3 Re1+ 42. Kf3 Rf1+ 43. Rf2 1/2-1/2

[Event "RUS-ch Men Blitz 2019"]
[Site "Sochi"]
[Date "2019.10.17"]
[Round "4.3"]
[White "Ponkratov, Pavel"]
[Black "Papin, Vasily"]
[Result "1-0"]
[ECO "A37"]
[WhiteElo "2621"]
[BlackElo "2481"]
[Annotator "RC"]
[PlyCount "67"]
[EventDate "2019.10.17"]
[EventType "swiss"]
[EventCountry "RUS"]
[SourceTitle "playchess.com"]
[Source "ChessBase"]
[SourceQuality "1"]
[TimeControl "180+2"]

1. c4 c5 2. g3 g6 3. Bg2 Bg7 4. Nc3 Nc6 5. Nf3 d6 6. O-O e6 7. Rb1 Qd7 8. e3 Nge7 9. d4 cxd4 10. exd4 d5 11. c5 b6 12. Na4 b5 13. Nc3 b4 14. Ne2 Ba6 15. Re1 O-O 16. b3 Bb5 17. Nf4 a5 18. h4 a4 19. Bh3 Nf5 20. Bb2 axb3 21. axb3 Ra2 22. Bxf5 exf5 23. Ne5 Qd8 24. Qf3 Rxb2 25. Rxb2 Nxd4 26. Qd1 Ne6 27. Qxd5 Qxd5 28. Nxd5 Nxc5 29. Ra2 Nxb3 30. Ne7+ Kh8 31. Ra8 h5 32. Nxf7+ Kh7 33. Ng5+ Kh6 34. Re6 1-0

[Event "RUS-ch Men Blitz 2019"]
[Site "Sochi"]
[Date "2019.10.20"]
[Round "4.4"]
[White "Bocharov, Dmitry"]
[Black "Popov, Ivan"]
[Result "1/2-1/2"]
[ECO "A06"]
[WhiteElo "2519"]
[BlackElo "2611"]
[Annotator "ChessBase"]
[PlyCount "44"]
[EventDate "2019.10.17"]
[EventType "swiss"]
[EventCountry "RUS"]
[SourceTitle "playchess.com"]
[Source "ChessBase"]
[SourceQuality "1"]
[TimeControl "180+2"]

1. Nf3 d5 2. g3 c6 3. Bg2 Bg4 4. c4 e6 5. O-O Nd7 6. cxd5 exd5 7. d3 Ngf6 8. Nc3 Bc5 9. a3 a5 10. Qb3 Qb6 11. Qc2 Qa6 12. h3 Bxf3 13. Bxf3 O-O 14. e4 dxe4 15. dxe4 Rfe8 16. Kg2 Bd4 17. Rd1 Qa7 18. Kf1 Ne5 19. Bg2 Rad8 20. Bg5 Ng6 21. Rd2 h6 22. Bxf6 Bxf6 1/2-1/2

[Event "RUS-ch Men Blitz 2019"]
[Site "Sochi"]
[Date "2019.10.17"]
[Round "4.4"]
[White "Vastrukhin, Oleg"]
[Black "Yudin, Sergei"]
[Result "1-0"]
[ECO "A04"]
[WhiteElo "2428"]
[BlackElo "2497"]
[Annotator "ChessBase"]
[PlyCount "45"]
[EventDate "2019.10.17"]
[EventType "swiss"]
[EventCountry "RUS"]
[SourceTitle "playchess.com"]
[Source "ChessBase"]
[SourceQuality "1"]
[TimeControl "180+2"]

1. Nf3 e6 2. g3 b5 3. Bg2 Bb7 4. O-O c5 5. d3 Nf6 6. e4 d6 7. a4 b4 8. Nbd2 Nc6 9. Nc4 Qc7 10. Re1 Be7 11. e5 dxe5 12. Nfxe5 Nxe5 13. Nxe5 O-O 14. Nc4 Bd5 15. Bf4 Qb7 16. Bxd5 Qxd5 17. Be5 Nd7 18. Qg4 g6 19. h4 h5 20. Qe4 Rfe8 21. Rad1 Nb6 22. Qf4 Rad8 23. Qh6 1-0

[Event "RUS-ch Men Blitz 2019"]
[Site "Sochi"]
[Date "2019.10.17"]
[Round "4.8"]
[White "Sakaev, Konstantin"]
[Black "Belyakov, Bogdan"]
[Result "1-0"]
[ECO "E73"]
[WhiteElo "2595"]
[BlackElo "2495"]
[Annotator "ChessBase"]
[PlyCount "39"]
[EventDate "2019.10.17"]
[EventType "swiss"]
[EventCountry "RUS"]
[SourceTitle "playchess.com"]
[Source "ChessBase"]
[SourceQuality "1"]
[TimeControl "180+2"]

1. d4 Nf6 2. c4 g6 3. Nc3 Bg7 4. e4 d6 5. Be2 O-O 6. Be3 c5 7. d5 e6 8. Nf3 Ng4 9. Bg5 f6 10. Bd2 f5 11. exf5 exd5 12. fxg6 d4 13. gxh7+ Kh8 14. Nd5 Nc6 15. O-O Be6 16. Ng5 Bxd5 17. cxd5 Nxf2 18. Rxf2 Rxf2 19. Kxf2 d3 20. Nf7+ 1-0

[Event "RUS-ch Men Blitz 2019"]
[Site "Sochi"]
[Date "2019.10.17"]
[Round "4.9"]
[White "Antipov, Mikhail Al."]
[Black "Sysolyatin, Evgeny"]
[Result "1-0"]
[ECO "C50"]
[WhiteElo "2567"]
[BlackElo "2271"]
[Annotator "RC"]
[PlyCount "93"]
[EventDate "2019.10.17"]
[EventType "swiss"]
[EventCountry "RUS"]
[SourceTitle "playchess.com"]
[Source "ChessBase"]
[SourceQuality "1"]
[TimeControl "180+2"]

1. e4 e5 2. Nf3 Nc6 3. Bc4 Bc5 4. O-O Nf6 5. d3 d6 6. c3 a5 7. h3 h6 8. Nbd2 O-O 9. Re1 Bb6 10. Nf1 Ne7 11. Ng3 Ng6 12. d4 exd4 13. cxd4 d5 14. exd5 Nxd5 15. Ne5 Nxe5 16. dxe5 Nb4 17. Qb3 Qe7 18. Re4 Be6 19. Nh5 Kh8 20. Qg3 Rg8 21. Bxe6 Qxe6 22. Rg4 Nc2 23. Rb1 Nd4 24. Re4 Qf5 25. Qh4 Rae8 26. Be3 Rxe5 27. Ng3 Qg6 28. Rxe5 Qxb1+ 29. Kh2 Ne6 30. Bxh6 Qh7 31. Rh5 g6 32. Bg7+ Rxg7 33. Rxh7+ Rxh7 34. Qf6+ Kg8 35. Ne2 Bc5 36. f4 Bd6 37. g4 Rg7 38. Kg2 g5 39. f5 Nf4+ 40. Nxf4 Bxf4 41. Qd8+ Kh7 42. Qe7 b6 43. f6 Rg6 44. Qxf7+ Kh6 45. Qf8+ Kh7 46. Qe7+ Kh6 47. f7 1-0

[Event "RUS-ch Men Blitz 2019"]
[Site "Sochi"]
[Date "2019.10.20"]
[Round "4.10"]
[White "Rozum, Ivan"]
[Black "Lysyj, Igor"]
[Result "1/2-1/2"]
[ECO "D02"]
[WhiteElo "2599"]
[BlackElo "2596"]
[Annotator "ChessBase"]
[PlyCount "22"]
[EventDate "2019.10.17"]
[EventType "swiss"]
[EventCountry "RUS"]
[SourceTitle "playchess.com"]
[Source "ChessBase"]
[SourceQuality "1"]
[TimeControl "180+2"]

1. d4 d5 2. Nf3 Nf6 3. c4 e6 4. e3 Be7 5. b3 O-O 6. Bb2 c5 7. cxd5 Nxd5 8. dxc5 Bxc5 9. a3 b6 10. Bd3 Bb7 11. O-O Nd7 1/2-1/2

[Event "RUS-ch Men Blitz 2019"]
[Site "Sochi"]
[Date "2019.10.17"]
[Round "4.10"]
[White "Gochelashvili, David"]
[Black "Triapishko, Alexandr"]
[Result "0-1"]
[ECO "A05"]
[WhiteElo "2403"]
[BlackElo "2514"]
[Annotator "ChessBase"]
[PlyCount "66"]
[EventDate "2019.10.17"]
[EventType "swiss"]
[EventCountry "RUS"]
[SourceTitle "playchess.com"]
[Source "ChessBase"]
[SourceQuality "1"]
[TimeControl "180+2"]

1. Nf3 Nf6 2. d4 e6 3. Bf4 c5 4. c3 d5 5. Nbd2 Bd6 6. Bg3 O-O 7. e3 Qc7 8. Bd3 Nbd7 9. Rc1 e5 10. dxe5 Nxe5 11. Nxe5 Bxe5 12. Nf3 Bxg3 13. hxg3 g6 14. c4 Qa5+ 15. Qd2 Qxd2+ 16. Kxd2 Rd8 17. Ke2 b6 18. Rh4 h5 19. b4 cxb4 20. c5 bxc5 21. Rxc5 a5 22. Rf4 Kg7 23. Ng5 Rd6 24. Rc7 Bd7 25. Rb7 Rc8 26. Kd2 Be8 27. Ra7 Rc5 28. Rd4 Rd7 29. Ra6 Nh7 30. Nf3 Nf8 31. Ne5 Re7 32. f4 Ne6 33. Ra7 Rxa7 0-1

[Event "RUS-ch Men Blitz 2019"]
[Site "Sochi"]
[Date "2019.10.17"]
[Round "4.11"]
[White "Pridorozhni, Aleksei"]
[Black "Airapetian, Gor"]
[Result "1-0"]
[ECO "B11"]
[WhiteElo "2599"]
[BlackElo "2447"]
[Annotator "ChessBase"]
[PlyCount "52"]
[EventDate "2019.10.17"]
[EventType "swiss"]
[EventCountry "RUS"]
[SourceTitle "playchess.com"]
[Source "ChessBase"]
[SourceQuality "1"]
[TimeControl "180+2"]

1. e4 c6 2. Nc3 d5 3. Nf3 Bg4 4. h3 Bxf3 5. Qxf3 e6 6. a3 Nd7 7. d3 g6 8. g3 Bg7 9. Bg2 Ne7 10. O-O O-O 11. Qe2 Qb6 12. Kh2 Rae8 13. f4 Qc7 14. Bd2 f5 15. e5 a6 16. Nd1 c5 17. c4 Rd8 18. Ne3 d4 19. Nc2 b5 20. b3 Nc6 21. Qf3 Rc8 22. Rfc1 bxc4 23. bxc4 Nb6 24. a4 Nd7 25. a5 Ne7 26. Qb7 Nb8 1-0

[Event "RUS-ch Men Blitz 2019"]
[Site "Sochi"]
[Date "2019.10.17"]
[Round "4.13"]
[White "Khegay, Dmitriy"]
[Black "Zakaryan, David"]
[Result "1-0"]
[ECO "B47"]
[WhiteElo "2509"]
[BlackElo "2338"]
[Annotator "ChessBase"]
[PlyCount "47"]
[EventDate "2019.10.17"]
[EventType "swiss"]
[EventCountry "RUS"]
[SourceTitle "playchess.com"]
[Source "ChessBase"]
[SourceQuality "1"]
[TimeControl "180+2"]

1. e4 c5 2. Nf3 Nc6 3. Nc3 e6 4. d4 cxd4 5. Nxd4 Qc7 6. g3 a6 7. Bg2 Nf6 8. O-O Nxd4 9. Qxd4 Bc5 10. Qd3 h6 11. Be3 d6 12. Rad1 Ke7 13. Kh1 Rd8 14. e5 Ne8 15. exd6+ Rxd6 16. Qe4 Nf6 17. Qc4 Nd7 18. Bf4 e5 19. Be3 Kf8 20. Nd5 Qc6 21. Nf6 Rxf6 22. Bxc6 Rxc6 23. Rxd7 Bxe3 24. Qxf7# 1-0

[Event "RUS-ch Men Blitz 2019"]
[Site "Sochi"]
[Date "2019.10.17"]
[Round "4.14"]
[White "Eraschenkov, Denis"]
[Black "Zakhartsov, Vladimir"]
[Result "1-0"]
[ECO "B50"]
[WhiteElo "2382"]
[BlackElo "2514"]
[Annotator "ChessBase"]
[PlyCount "68"]
[EventDate "2019.10.17"]
[EventType "swiss"]
[EventCountry "RUS"]
[SourceTitle "playchess.com"]
[Source "ChessBase"]
[SourceQuality "1"]
[TimeControl "180+2"]

1. e4 c5 2. Nf3 d6 3. c3 Nf6 4. h3 g6 5. Bd3 Bg7 6. Bc2 Nc6 7. d4 d5 8. e5 Ne4 9. O-O O-O 10. Nbd2 Bf5 11. Re1 Nxd2 12. Bxd2 Bxc2 13. Qxc2 Qb6 14. dxc5 Qxc5 15. Be3 Qa5 16. Bf4 Rac8 17. Qd2 Rfd8 18. Bh6 d4 19. c4 Qc5 20. Bxg7 Kxg7 21. b3 a5 22. Qf4 h6 23. Rad1 e6 24. Nh2 Qe7 25. h4 h5 26. Nf3 Qc5 27. Ng5 Qe7 28. Rd3 Rd7 29. Ne4 Rcd8 30. Nf6 Nxe5 31. Nxh5+ gxh5 32. Rxe5 f6 33. Rg3+ Kf8 34. Qh6+ Qg7 1-0

[Event "RUS-ch Men Blitz 2019"]
[Site "Sochi"]
[Date "2019.10.17"]
[Round "4.15"]
[White "Kovalchuk, Alexey"]
[Black "Bryakin, Mikhail"]
[Result "0-1"]
[ECO "B12"]
[WhiteElo "2388"]
[BlackElo "2440"]
[Annotator "NA RC"]
[PlyCount "142"]
[EventDate "2019.10.17"]
[EventType "swiss"]
[EventCountry "RUS"]
[SourceTitle "playchess.com"]
[Source "ChessBase"]
[SourceQuality "1"]
[TimeControl "180+2"]

1. e4 c6 2. d4 d5 3. e5 Bf5 4. Nf3 e6 5. Be2 Nd7 6. O-O Bg6 7. Nbd2 Nh6 8. Nb3 Nf5 9. Bd2 h5 10. Rc1 h4 11. c4 dxc4 12. Na5 Rb8 13. Nxc4 Be7 14. Ba5 b6 15. Bd2 O-O 16. Ne3 c5 17. d5 Nxe3 18. Bxe3 exd5 19. Qxd5 Qc8 20. Rfd1 Rd8 21. e6 Nf6 22. exf7+ Bxf7 23. Qe5 Qe6 24. Qxe6 Bxe6 25. b3 Ne4 26. Bf4 Rxd1+ 27. Rxd1 Rd8 28. Rxd8+ Bxd8 29. Be5 g5 30. Bd3 Bd5 31. Ne1 Kf7 32. f3 Nf6 33. Nc2 Ke6 34. Bb8 a5 35. Ne3 Bc6 36. Bf5+ Kf7 37. Nc4 Bd5 38. Ne5+ Ke7 39. Ng6+ Kf7 40. Ne5+ Ke7 41. Kf2 b5 42. Nd3 c4 43. bxc4 bxc4 44. Ne5 Bb6+ 45. Ke2 Bd4 46. Ng6+ Kd8 47. Be5 Bxe5 48. Nxe5 Kc7 49. Ke3 Kb6 50. Kd4 Kb5 51. Bc2 Kb4 52. g3 h3 53. f4 gxf4 54. gxf4 c3 55. Nd3+ Ka3 56. Kxc3 Kxa2 57. Nf2 Bg2 58. Bf5 Nd5+ 59. Kd4 Nxf4 60. Ke3 Nd5+ 61. Kd4 Kb2 62. Nxh3 Bxh3 63. Bxh3 a4 64. Be6 Nf4 65. Bc4 Nh3 66. Ke3 a3 67. Kf3 Ng5+ 68. Kg4 Ne4 69. h4 Nd2 70. Bd5 Nb3 71. h5 a2 0-1

[Event "RUS-ch Men Blitz 2019"]
[Site "Sochi"]
[Date "2019.10.17"]
[Round "4.16"]
[White "Tsydypov, Zhamsaran"]
[Black "Shcherbin, Matvei"]
[Result "1-0"]
[ECO "B40"]
[WhiteElo "2553"]
[BlackElo "2366"]
[Annotator "ChessBase"]
[PlyCount "53"]
[EventDate "2019.10.17"]
[EventType "swiss"]
[EventCountry "RUS"]
[SourceTitle "playchess.com"]
[Source "ChessBase"]
[SourceQuality "1"]
[TimeControl "180+2"]

1. e4 c5 2. Nf3 e6 3. d4 cxd4 4. Nxd4 Bc5 5. Nb3 Bb6 6. Bd3 Ne7 7. O-O O-O 8. c4 d6 9. Nc3 Nbc6 10. Bf4 f5 11. exf5 Nxf5 12. Bxf5 Rxf5 13. Bxd6 Bd7 14. c5 Bc7 15. Bxc7 Qxc7 16. Nb5 Qd8 17. Nd6 Rd5 18. Qf3 Ne5 19. Qg3 b6 20. Rad1 Ng6 21. Rxd5 exd5 22. Qf3 Be6 23. Re1 Nf8 24. Rxe6 Nxe6 25. Qf7+ Kh8 26. Qxe6 bxc5 27. Nf7+ 1-0

[Event "RUS-ch Men Blitz 2019"]
[Site "Sochi"]
[Date "2019.10.20"]
[Round "4.16"]
[White "Garifullina, Leya"]
[Black "Faizrakhmanov, Ramil"]
[Result "1/2-1/2"]
[ECO "B12"]
[WhiteElo "2240"]
[BlackElo "2434"]
[Annotator "NA"]
[PlyCount "295"]
[EventDate "2019.10.17"]
[EventType "swiss"]
[EventCountry "RUS"]
[SourceTitle "playchess.com"]
[Source "ChessBase"]
[SourceQuality "1"]
[TimeControl "180+2"]

1. e4 c6 2. d4 d5 3. e5 Bf5 4. h4 h5 5. c4 e6 6. Ne2 Ne7 7. Ng3 Bg6 8. Nc3 Nd7 9. cxd5 Nxd5 10. Nxd5 cxd5 11. Be2 Be7 12. Nxh5 Bxh5 13. Bxh5 g6 14. Be2 Rxh4 15. Rxh4 Bxh4 16. g3 Be7 17. Qa4 a6 18. Bd2 Rc8 19. Bc3 Kf8 20. Kf1 Kg7 21. Kg2 Nb6 22. Qb3 Qc7 23. Ba5 Qc2 24. Qe3 Nc4 25. Bxc4 Rxc4 26. Rh1 Qe4+ 27. Qxe4 dxe4 28. Rd1 Ra4 29. Bc3 Rxa2 30. d5 exd5 31. Rxd5 Kg8 32. Rd7 Bg5 33. Rxb7 Kf8 34. Rb4 e3 35. f4 Be7 36. Rb8+ Kg7 37. Kf3 a5 38. Kxe3 a4 39. Rb7 Kf8 40. Rb8+ Kg7 41. Re8 Bc5+ 42. Ke4 a3 43. e6+ f6 44. Rc8 Be7 45. Rc7 Kf8 46. bxa3 Rxa3 47. Rxe7 Ra4+ 48. Kd5 Kxe7 49. Bd2 Ra2 50. Bb4+ Ke8 51. g4 Re2 52. f5 gxf5 53. gxf5 Re5+ 54. Kd6 Rxf5 55. e7 Rf4 56. Bc3 f5 57. Ke5 Rf1 58. Bb4 Kf7 59. Ba3 f4 60. Ke4 f3 61. Bc5 Ke8 62. Kf4 f2 63. Kf3 Rc1 64. Bxf2 Kxe7 65. Be3 Rc3 66. Ke2 Ke6 67. Bf2 Kd5 68. Kf1 Ke4 69. Kg1 Kf3 70. Ba7 Rc1+ 71. Kh2 Rc7 72. Bb6 Rb7 73. Bc5 Rh7+ 74. Kg1 Rh5 75. Bb6 Kg3 76. Bc7+ Kf3 77. Bb6 Rh7 78. Bc5 Rh5 79. Bb6 Rg5+ 80. Kh2 Rg2+ 81. Kh1 Rc2 82. Ba7 Rb2 83. Bc5 Kg3 84. Bd6+ Kh3 85. Bc5 Rc2 86. Bb6 Rh2+ 87. Kg1 Rb2 88. Bc7 Kg4 89. Bd6 Kf3 90. Bc5 Rc2 91. Ba7 Rg2+ 92. Kh1 Rg4 93. Bb6 Rg7 94. Bc5 Rg8 95. Bb6 Ke2 96. Bc5 Kf1 97. Bd6 Rg4 98. Bc7 Rg2 99. Bh2 Rg7 100. Bb8 Rg5 101. Bc7 Rc5 102. Bd6 Rc8 103. Be5 Kf2 104. Bd4+ Kf3 105. Bb6 Rb8 106. Bc5 Rg8 107. Bb6 Kg3 108. Bc7+ Kf2 109. Bb6+ Kf3 110. Bc5 Rg7 111. Bd4 Rh7+ 112. Kg1 Rd7 113. Bb6 Kg3 114. Bf2+ Kf3 115. Bb6 Rd6 116. Ba7 Rg6+ 117. Kh1 Rg8 118. Bb6 Rh8+ 119. Kg1 Rh7 120. Bc5 Rh5 121. Bb6 Rh6 122. Ba7 Rh7 123. Bc5 Rd7 124. Kh2 Rd5 125. Bb6 Kg4 126. Ba7 Rd2+ 127. Kh1 Kg3 128. Bb8+ Kh3 129. Ba7 Rh2+ 130. Kg1 Ra2 131. Bb8 Ra1+ 132. Kf2 Kg4 133. Kg2 Rb1 134. Ba7 Rb2+ 135. Kh1 Kg3 136. Bg1 Rb7 137. Bc5 Rh7+ 138. Kg1 Rd7 139. Bf2+ Kf3 140. Bb6 Rd5 141. Ba7 Rd6 142. Bc5 Rg6+ 143. Kh1 Rg5 144. Bb6 Kg3 145. Bc7+ Kf2 146. Bb6+ Kf1 147. Bc7 Rg6 148. Bb8 1/2-1/2

[Event "RUS-ch Men Blitz 2019"]
[Site "Sochi"]
[Date "2019.10.17"]
[Round "4.17"]
[White "Shimanov, Aleksandr"]
[Black "Remizov, Yaroslav"]
[Result "1-0"]
[ECO "D00"]
[WhiteElo "2587"]
[BlackElo "2394"]
[Annotator "ChessBase"]
[PlyCount "75"]
[EventDate "2019.10.17"]
[EventType "swiss"]
[EventCountry "RUS"]
[SourceTitle "playchess.com"]
[Source "ChessBase"]
[SourceQuality "1"]
[TimeControl "180+2"]

1. d4 d5 2. Bf4 c5 3. e3 Nf6 4. Nf3 Nc6 5. Nbd2 Bf5 6. c3 e6 7. Qb3 Qb6 8. Qxb6 axb6 9. Bb5 Nd7 10. Nh4 Bc2 11. O-O Be7 12. Nhf3 O-O 13. Rfc1 Bg6 14. c4 Nf6 15. a3 Rfc8 16. Nb3 cxd4 17. Nbxd4 Nxd4 18. Nxd4 h6 19. h3 Bc5 20. Nf3 Bd3 21. Ne5 dxc4 22. Nxd3 cxd3 23. Bxd3 Nd5 24. Bg3 Be7 25. e4 Rxc1+ 26. Rxc1 Bg5 27. Rc4 Nf4 28. Bf1 e5 29. Rc7 Rb8 30. Bc4 Rf8 31. Rxb7 Rc8 32. b3 Kh7 33. Rxb6 Rd8 34. a4 Rd1+ 35. Kh2 Ra1 36. Bxf7 g6 37. Rb7 Bd8 38. Bd5+ {[%emt 0:00:04] Ne2} 1-0